 Dungeon Crawl Stone Soup version 0.18.1-6-gd335043 (webtiles) character file.

97443 dysrexia the Severer (level 15, 0/138 HPs)
             Began as a Deep Dwarf Berserker on May 14, 2016.
             Was a High Priest of Trog.
             Killed from afar by Nikola (24 damage)
             ... with a chain lightning
             ... on level 1 of the Spider Nest on May 16, 2016.
             The game lasted 02:03:53 (19075 turns).

dysrexia the Severer (Deep Dwarf Berserker)        Turns: 19075, Time: 02:03:54

Health: 0/138      AC: 21    Str: 24    XL:     15   Next: 72%
Magic:  3/3        EV: 21    Int: 10    God:    Trog [*****.]
Gold:   1720       SH:  2    Dex: 17    Spells: 0 memorised, 14 levels left

rFire  + . .     SeeInvis .     a - +9 executioner's axe (antimagic)
rCold  . . .     Gourm    .     l - +3 chain mail {rF+}
rNeg   + . .     Faith    .     (shield currently unavailable)
rPois  +         Spirit   .     W - +0 helmet (curse)
rElec  .         Dismiss  .     q - +1 cloak
rCorr  .         Reflect  +     (no gloves)
SustAt .         Harm     .     T - +0 pair of boots
MR     ++++.     Rnd*Rage +     u - +2 amulet of reflection
Stlth  ..........               C - ring of poison resistance
                                I - +3 ring of evasion

@: exhausted, non-regenerating, slowed, very slow, incredibly resistant to
hostile enchantments, extremely unstealthy
A: damage resistance, recharge devices, repulsion field 1, berserk 1, mutation
resistance 1, negative energy resistance 1, sense surroundings 2, slow
regeneration 3, strong 2
a: Device Recharging, Berserk, Trog's Hand, Brothers in Arms, Burn Spellbooks,
Renounce Religion


You were on level 1 of the Spider Nest.
You worshipped Trog.
Trog was extremely pleased with you.
You were not hungry.

You visited 4 branches of the dungeon, and saw 25 of its levels.
You also visited: Ice Cave.

You collected 2796 gold pieces.
You spent 1076 gold pieces at shops.

Inventory:

Hand Weapons
 a - a +9 antimagic executioner's axe (weapon)
 f - a +0 blowgun
 w - a +2 spear of venom
Missiles
 r - 72 poisoned needles
 Q - 7 throwing nets (quivered)
Armour
 l - a +3 chain mail of fire resistance (worn)
 q - a +1 cloak (worn)
 T - a +0 pair of boots (worn)
 W - a cursed +0 helmet (worn)
Jewellery
 h - an uncursed ring of protection from cold
 k - an uncursed ring of protection from magic
 u - a +2 amulet of reflection (around neck)
 C - a ring of poison resistance (right hand)
 I - a +3 ring of evasion (left hand)
 P - an uncursed amulet of dismissal
Wands
 b - a wand of confusion (23/48)
 c - a wand of heal wounds (2/9)
 i - a wand of iceblast (1/15)
 A - a wand of disintegration (4/24)
 F - a wand of slowing (27/48)
 N - a wand of iceblast (3/15)
 U - a wand of lightning (1/15)
 X - a wand of acid (11/15)
Scrolls
 e - 8 scrolls of remove curse
 j - a scroll of silence {unknown}
 m - 3 scrolls of blinking
 D - 2 scrolls of fog
 O - a scroll of fear
 R - 5 scrolls of teleportation
 S - 3 scrolls of magic mapping
Potions
 g - 5 potions of resistance
 n - a potion of brilliance
 o - 12 potions of curing
 p - a potion of cancellation
 s - 5 potions of agility
 v - 6 potions of heal wounds
 x - a potion of berserk rage
 B - a potion of ambrosia
 E - 2 potions of invisibility
 G - 3 potions of might
 H - 6 potions of flight
 V - 2 potions of haste
Miscellaneous
 K - a phantom mirror
Comestibles
 d - 14 bread rations
 z - 5 meat rations


   Skills:
 - Level 10.0 Fighting
 * Level 18.5 Axes
 + Level 12.6 Armour
 + Level 12.4 Dodging
 + Level 14.9 Evocations


You had 14 spell levels left.
You didn't know any spells.

Dungeon Overview and Level Annotations

Branches:
Dungeon (14/15)            Temple (0/1) D:5            Lair (8/8) D:11
 Shoals (0/4) Lair:3       Spider (1/4) Lair:6        Slime (0/6) Lair:7
    Orc (2/2) D:11            Elf (0/3) Orc:2        Vaults (0/5) D:14

Altars:
Cheibriados
Elyvilon
Fedhas
Kikubaaqudgha
Makhleb
Nemelex Xobeh
Okawaru
Sif Muna
Trog
Vehumet
Yredelemnul
Beogh
Jiyva

Shops:
D:5 =   D:12 *   Orc:2 (:(!!

Portals:
Hell: Lair:8

Annotations:
Lair:7 1 runed door
Spider:1 Nikola


Innate Abilities, Weirdness & Mutations

You are resistant to damage.
You can recharge devices by infusing magical energy.
You resist negative energy.
You passively map the area around you.
You do not regenerate naturally.
You are surrounded by a mild repulsion field (EV +2).
You tend to lose your temper in combat.
You are somewhat resistant to further mutation.
Your muscles are very strong. (Str +4)


Message History

Nikola mumbles some strange words.
Nikola blinks!
You found a web!
Nikola yells, "Danger!
Danger!
High voltage!"
Nikola hits you with a rapier of electrocution.
You slice Nikola like a ripe choko!!!
Nikola's magic leaks into the air.
Nikola is moderately wounded.
Nikola misses you.
You closely miss Nikola.
Nikola is moderately wounded.
Nikola falters for a moment.
Nikola barely misses you.
You barely miss Nikola.
Nikola is moderately wounded.
Nikola gestures wildly while chanting.
You hear a mighty clap of thunder!
The lightning arc hits you!
The lightning arc hits Nikola.
The lightning arc hits you!
* * * LOW HITPOINT WARNING * * *
The lightning arc hits Nikola.
The lightning arc hits you!
You die...

..##^#..........#....*.....
** ###.#####)####.....##
..#.., , ,
#.#...^^..#...#..$.#, , ,
#.##....#....#,##..# , , *
##..#.#.....#.###...# ,* *
, #.......##.....#^.#.# *
,* ####.#.##..#.#....### *
,*, #.......#[###..## *
####......##.@..# * * ,*
#.....##...#^#@.# ,*,
#...#.#..#.###..# , ,*, ,
*##...##..### ..##* ,
#...#.^#...# *### , ,,
##..#..#.#.# , #.#########
, * * * , ## * , *, *, , **


You could see Nikola.

Vanquished Creatures
  A sphinx (D:14)
  Kirke (Lair:7)
  Maud (Orc:1)
  Louise (Spider:1)
  An orc warlord (Orc:2)
  An ettin (D:14)
  Josephine (D:14)
  Fannar (Lair:2)
  Harold (D:11)
  2 catoblepae
  12 hydras
  3 ogre magi
  Erica (Lair:2)
  2 tengu warriors (D:14)
  7 death yaks
  A sun demon (Lair:8)
  A wizard (Lair:8)
  4 hill giants
  2 orb spiders
  2 orc knights
  Pikel (D:7)
  2 wolf spiders (Spider:1)
  6 ugly things
  10 orc sorcerers
  A griffon (Lair:6)
  3 cyclopes
  2 manticores
  Maurice (Orc:2)
  A sixfirhy (Lair:8)
  4 elephants (Lair:6)
  2 torpor snails
  6 black mambas
  10 spiny frogs
  A gargoyle (D:13)
  2 centaur skeletons
  4 orange demons (Lair:8)
  9 rime drakes
  A demonic crawler (Spider:1)
  An ice devil (Lair:8)
  2 red devils (Lair:8)
  8 komodo dragons
  2 tengu conjurers (D:14)
  7 trolls
  3 polar bears
  5 jumping spiders (Spider:1)
  5 two-headed ogres
  18 blink frogs
  4 slime creatures (D:13)
  4 water elementals (D:14)
  A shadow (D:13)
  Eustachio (D:4)
  7 redbacks (Spider:1)
  27 yaks
  4 wraiths (D:14)
  7 wyverns
  4 hogs (Lair:7)
  6 basilisks
  9 vampire mosquitoes
  Grum (D:11)
  20 hippogriffs
  A steam dragon (Lair:5)
  A mottled dragon (D:14)
  5 wargs
  A soldier ant (D:13)
  21 water moccasins
  3 hell hounds
  10 porcupines
  20 orc warriors
  A black bear (D:9)
  2 ice beasts
  An eye of draining (D:13)
  4 phantoms
  2 sky beasts
  17 wolves
  13 ogres
  9 centaurs
  15 crocodiles
  3 big kobolds
  23 giant frogs
  2 wyvern skeletons
  5 scorpions
  4 killer bees (D:13)
  3 wights (D:6)
  2 howler monkeys
  2 jellies
  2 electric eels (D:14)
  4 crimson imps
  A centaur zombie (D:11)
  A quasit (D:11)
  6 hounds
  Crazy Yiuf (D:2)
  10 orc priests
  31 orc wizards
  A giant frog skeleton (D:11)
  A gnoll shaman (D:6)
  7 iguanas
  9 worker ants
  Terence (D:3)
  42 sheep
  2 hound zombies
  A hound skeleton (D:7)
  A howler monkey zombie (D:9)
  A worker ant zombie (D:11)
  Robin (D:2)
  A howler monkey skeleton (D:5)
  12 adders
  8 gnolls
  54 river rats
  2 shadow imps
  12 white imps (Lair:5)
  An ooze (D:7)
  An adder zombie (D:9)
  An adder skeleton (D:6)
  3 worms
  2 dart slugs
  4 giant geckos
  68 orcs
  13 bats
  A giant cockroach (D:1)
  8 hobgoblins
  6 jackals (D:6)
  26 kobolds
  5 quokkas
  2 ball pythons
  A giant cockroach zombie (D:6)
  2 giant gecko skeletons
  9 giant newts
  16 goblins
  2 quokka skeletons
  12 rats
  A spectral orc (D:2)
  12 fungi
  6 plants
842 creatures vanquished.

Vanquished Creatures (collateral kills)
  Rupert (Orc:2)
  A hydra (D:14)
  An ugly thing (D:14)
  An orange demon (Lair:8)
  A hellwing (Lair:8)
  A red devil (Lair:8)
  An orc warrior (Orc:2)
7 creatures vanquished.

Vanquished Creatures (others)
  A centaur (D:13)
  A crimson imp (D:7)
  2 orc wizards
  An orc (D:5)
  A quokka (D:7)
  16 fungi
  8 plants
30 creatures vanquished.

Grand Total: 879 creatures vanquished

Notes
Turn   | Place    | Note
--------------------------------------------------------------
     0 | D:1      | dysrexia the Deep Dwarf Berserker began the quest for the Orb.
     0 | D:1      | Reached XP level 1. HP: 20/20 MP: 1/1
   238 | D:1      | Reached XP level 2. HP: 21/27 MP: 2/2
   274 | D:1      | Reached skill level 4 in Axes
   826 | D:2      | Noticed Robin
   834 | D:2      | Reached XP level 3. HP: 16/33 MP: 3/3
   841 | D:1      | Reached ** piety under Trog
   868 | D:2      | Reached skill level 5 in Axes
   875 | D:2      | Killed Robin
   984 | D:2      | Reached XP level 4. HP: 37/40 MP: 4/4
  1204 | D:2      | Found a basalt altar of Yredelemnul.
  1325 | D:2      | Found an iron altar of Okawaru.
  1387 | D:2      | Reached *** piety under Trog
  1439 | D:2      | Noticed Crazy Yiuf
  1444 | D:2      | Killed Crazy Yiuf
  1444 | D:2      | Reached skill level 6 in Axes
  1680 | D:3      | Reached XP level 5. HP: 44/46 MP: 5/5
  1876 | D:3      | Noticed Terence
  1883 | D:3      | Killed Terence
  1883 | D:3      | Reached skill level 7 in Axes
  2234 | D:4      | Reached XP level 6. HP: 36/55 MP: 6/6
  2347 | D:4      | Noticed Eustachio
  2354 | D:4      | Killed Eustachio
  2354 | D:4      | Reached skill level 8 in Axes
  2688 | D:4      | Reached XP level 7. HP: 36/61 MP: 6/6
  2921 | D:5      | Entered Level 5 of the Dungeon
  2934 | D:5      | Reached skill level 1 in Evocations
  2971 | D:5      | Found Pahohud's Jewellery Shop.
  2995 | D:5      | Reached **** piety under Trog
  2995 | D:5      | Reached skill level 9 in Axes
  3022 | D:5      | Bought a +3 ring of evasion for 252 gold pieces
  3054 | D:5      | Noticed a hippogriff
  3062 | D:5      | Killed a hippogriff
  3167 | D:5      | Found a sparkling altar of Nemelex Xobeh.
  3173 | D:5      | Found a deep blue altar of Sif Muna.
  3177 | D:5      | Found a white marble altar of Elyvilon.
  3182 | D:5      | Found a snail-covered altar of Cheibriados.
  3186 | D:5      | Found a burning altar of Makhleb.
  3191 | D:5      | Found a blossoming altar of Fedhas.
  3197 | D:5      | Found a radiant altar of Vehumet.
  3240 | D:5      | Found a staircase to the Ecumenical Temple.
  3481 | D:6      | Reached skill level 10 in Axes
  3512 | D:6      | Received a gift from Trog
  3518 | D:6      | Reached XP level 8. HP: 68/68 MP: 9/9
  3750 | D:6      | Reached skill level 5 in Evocations
  4137 | D:6      | Reached skill level 11 in Axes
  4365 | D:7      | Gained mutation: You passively map the area around you. [Deep Dwarf growth]
  4365 | D:7      | Reached XP level 9. HP: 74/74 MP: 10/12
  4375 | D:7      | Reached skill level 12 in Axes
  4624 | D:7      | Reached ***** piety under Trog
  4711 | D:7      | Noticed Pikel
  4717 | D:7      | Killed Pikel
  4717 | D:7      | Reached skill level 13 in Axes
  5651 | D:9      | Reached XP level 10. HP: 47/84 MP: 14/14
  6238 | D:9      | Gained mutation: You are surrounded by a mild repulsion field (EV +2). [potion of beneficial mutation]
  6239 | D:9      | Gained mutation: Your muscles are strong. (Str +2) [potion of beneficial mutation]
  6240 | D:9      | Gained mutation: Your muscles are very strong. (Str +4) [potion of beneficial mutation]
  6708 | D:10     | Entered Level 10 of the Dungeon
  6981 | D:10     | Reached skill level 10 in Evocations
  7159 | D:10     | Reached skill level 5 in Fighting
  7256 | D:11     | Noticed Grum
  7256 | D:11     | Noticed a manticore
  7268 | D:11     | Killed a manticore
  7274 | D:11     | Killed Grum
  7347 | D:11     | Found a staircase to the Orcish Mines.
  7457 | D:11     | Found a roughly hewn altar of Beogh.
  7548 | D:11     | Noticed a hill giant
  7559 | D:11     | Killed a hill giant
  7669 | D:11     | Found a staircase to the Lair.
  7854 | D:11     | Noticed an eight-headed hydra
  7939 | D:11     | Noticed a cyclops
  7946 | D:11     | Killed a cyclops
  8002 | Lair:1   | Entered Level 1 of the Lair of Beasts
  8016 | Lair:1   | Noticed a spiny frog
  8021 | Lair:1   | Killed a spiny frog
  8021 | Lair:1   | Reached XP level 11. HP: 100/100 MP: 14/14
  8107 | Lair:1   | Reached skill level 5 in Armour
  8196 | Lair:1   | Reached ****** piety under Trog
  8328 | Lair:1   | Noticed a seven-headed hydra
  8352 | Lair:1   | Killed a seven-headed hydra
  8352 | Lair:1   | Reached skill level 5 in Dodging
  8674 | Lair:2   | Received a gift from Trog
  8931 | Lair:2   | Noticed Erica
  8944 | Lair:2   | Killed Erica
  8988 | Lair:2   | Noticed Fannar
  9004 | Lair:2   | Killed Fannar
  9307 | Lair:3   | Gained mutation: You are somewhat resistant to further mutation. [potion of beneficial mutation]
  9489 | Lair:3   | Noticed a four-headed hydra
  9508 | Lair:3   | Killed a four-headed hydra
  9508 | Lair:3   | Reached XP level 12. HP: 53/115 MP: 14/14
  9653 | Lair:3   | Found a staircase to the Shoals.
 10095 | Lair:4   | Reached skill level 10 in Fighting
 10330 | Lair:4   | Received a gift from Trog
 10370 | Lair:4   | Noticed a five-headed hydra
 10389 | Lair:4   | Killed a five-headed hydra
 10762 | Lair:5   | Reached skill level 14 in Axes
 10830 | Lair:5   | Found a frozen archway.
 10896 | IceCv    | Entered an ice cave
 11556 | Lair:6   | Received a gift from Trog
 11556 | Lair:6   | Reached XP level 13. HP: 63/123 MP: 14/14
 11751 | Lair:6   | Reached skill level 15 in Axes
 12151 | Lair:6   | Found a hole to the Spider Nest.
 12378 | Lair:7   | Noticed Kirke
 12385 | Lair:7   | Killed Kirke
 12431 | Lair:7   | Received a gift from Trog
 12538 | Lair:7   | Reached skill level 10 in Armour
 12640 | Lair:7   | Reached skill level 10 in Dodging
 12774 | Lair:7   | Found a runed door.
 12778 | Lair:7   | Found a viscous altar of Jiyva.
 12779 | Lair:7   | Found a staircase to the Slime Pits.
 12779 | Lair:7   | Noticed an azure jelly
 12779 | Lair:7   | Noticed an azure jelly
 12852 | Lair:8   | Entered Level 8 of the Lair of Beasts
 12906 | Lair:8   | Reached skill level 16 in Axes
 13031 | Lair:8   | Gained mutation: You resist negative energy. [Deep Dwarf growth]
 13031 | Lair:8   | Reached XP level 14. HP: 76/132 MP: 4/12
 13311 | Lair:8   | Received a gift from Trog
 13849 | Lair:8   | Found a burning altar of Makhleb.
 14027 | Lair:8   | Found a gateway to Hell.
 14316 | D:11     | Noticed Harold
 14324 | D:11     | Killed Harold
 14337 | Orc:1    | Entered Level 1 of the Orcish Mines
 14495 | Orc:1    | Found an iron altar of Okawaru.
 14645 | Orc:2    | Entered Level 2 of the Orcish Mines
 14649 | Orc:2    | Noticed Rupert
 14652 | Orc:2    | Paralysed by Rupert for 7 turns
 14668 | Orc:2    | Killed Rupert
 14837 | Orc:2    | Received a gift from Trog
 14890 | Orc:2    | Noticed an orc warlord
 14914 | Orc:2    | Gained mutation: You tend to lose your temper in combat. [a neqoxec]
 14973 | Orc:2    | Killed an orc warlord
 14973 | Orc:2    | Reached skill level 17 in Axes
 15139 | Orc:2    | Found a staircase to the Elven Halls.
 15162 | Orc:2    | Noticed Maurice
 15190 | Orc:2    | Killed Maurice
 15374 | Orc:2    | Found a bloodstained altar of Trog.
 15381 | Orc:2    | Found Willuar's Distillery.
 15404 | Orc:2    | Bought a potion of resistance for 150 gold pieces
 15404 | Orc:2    | Bought a potion of curing for 45 gold pieces
 15404 | Orc:2    | Bought a potion of curing for 45 gold pieces
 15489 | Orc:1    | Noticed Maud
 15503 | Orc:1    | Killed Maud
 15750 | Orc:2    | Found a radiant altar of Vehumet.
 15762 | Orc:2    | Received a gift from Trog
 15821 | Orc:2    | Found Vegey's Antique Weapon Boutique.
 15863 | Orc:2    | Found an ancient bone altar of Kikubaaqudgha.
 15912 | Orc:2    | Found a roughly hewn altar of Beogh.
 15912 | Orc:2    | Found Citelo Ubra's Book Boutique.
 16028 | Orc:2    | Found Riemas's Distillery.
 16037 | Orc:2    | Found Pecieh's Antique Weapon Shop.
 16054 | Orc:2    | Bought a potion of curing for 42 gold pieces
 16054 | Orc:2    | Bought a potion of resistance for 140 gold pieces
 16054 | Orc:2    | Bought a potion of curing for 42 gold pieces
 16186 | D:11     | Received a gift from Trog
 16448 | D:12     | Found Ajaa's General Store.
 16464 | D:12     | Bought an uncursed ring of protection from cold for 250 gold pieces
 16464 | D:12     | Bought a scroll of remove curse for 30 gold pieces
 16464 | D:12     | Bought a potion of heal wounds for 50 gold pieces
 16464 | D:12     | Bought a potion of curing for 30 gold pieces
 17108 | D:13     | Reached XP level 15. HP: 114/138 MP: 4/12
 17393 | D:13     | Received a gift from Trog
 17887 | D:14     | Noticed Josephine
 17899 | D:14     | Killed Josephine
 17904 | D:14     | Found a gate to the Vaults.
 18055 | D:14     | Reached skill level 18 in Axes
 18181 | D:14     | Noticed a sphinx
 18197 | D:14     | Killed a sphinx
 18690 | Lair:1   | Upgraded the game from 0.18.1-5-g4a78601 to 0.18.1-6-gd335043
 18813 | Spider:1 | Entered Level 1 of the Spider Nest
 18920 | Spider:1 | Noticed Louise
 18933 | Spider:1 | Killed Louise
 19011 | Spider:1 | Received a gift from Trog
 19052 | Spider:1 | Noticed Nikola
 19075 | Spider:1 | Killed from afar by Nikola

Skill      XL: |  1  2  3  4  5  6  7  8  9 10 11 12 13 14 15 |
---------------+----------------------------------------------+-----
Axes           | 4 5 6 7 8 10 11 13 14 16 17 18 | 18.5
Evocations     | 3 6 9 10 11 12 14 | 14.9
Fighting       | 3 7 9 10 | 10.0
Armour         | 4 7 9 10 11 12 | 12.6
Dodging        | 4 7 9 10 11 12 | 12.4

Action                   |  1- 3 |  4- 6 |  7- 9 | 10-12 | 13-15 || total
-------------------------+-------+-------+-------+-------+-------++-------
Melee: Hand axe          |    97 |   165 |    81 |       |       ||   343
       War axe           |       |       |    34 |       |       ||    34
       Battleaxe         |       |       |   185 |   683 |       ||   868
       Spear             |       |       |       |    33 |   140 ||   173
       Executioner's axe |       |       |       |       |   974 ||   974
 Fire: Blowgun           |       |     4 |       |       |    18 ||    22
Throw: Throwing net      |       |       |       |       |     1 ||     1
Invok: Berserk           |     1 |     6 |     8 |    12 |    24 ||    51
       Trog's Hand       |       |       |     1 |     1 |    21 ||    23
       Brothers in Arms  |       |       |       |       |     3 ||     3
 Abil: Device Recharging |       |     1 |     1 |     5 |     9 ||    16
Evoke: Wand              |     3 |     2 |     7 |    26 |    42 ||    80
  Use: Scroll            |       |     9 |     1 |    20 |    11 ||    41
       Potion            |       |       |       |     5 |     1 ||     6
 Stab: Sleeping          |     1 |       |       |       |       ||     1
       Petrified         |       |       |       |       |     1 ||     1
       Held in net/web   |       |       |       |       |     1 ||     1
  Eat: Chunk             |     1 |    12 |    18 |    33 |    26 ||    90
       Fruit             |       |       |       |       |     7 ||     7
       Royal jelly       |       |       |       |       |     1 ||     1
       Pizza             |       |       |       |       |     3 ||     3
       Beef jerky        |       |       |       |       |     3 ||     3
       Meat ration       |       |       |       |       |     3 ||     3
Armor: Animal skin       |    37 |    12 |       |       |       ||    49
       Plate armour      |       |    39 |   146 |   296 |   349 ||   830
       Chain mail        |       |       |       |       |   216 ||   216
Dodge: Dodged            |    88 |    42 |   126 |   486 |  1254 ||  1996
Block: Other             |       |     4 |    14 |    55 |    98 ||   171
       Reflection        |       |       |       |     1 |     7 ||     8
